 Dungeon Crawl Stone Soup version 0.30-a0-605-gb2882149bf (webtiles) character file.

Game seed: 10114124582094140990

13 acebull12 the Sneak (level 2, 0/19 HPs)
             Began as an Octopode Brigand on Jan 7, 2023.
             Slain by a kobold
             ... wielding a +2 short sword of speed
              (2 damage)
             ... on level 1 of the Dungeon.
             The game lasted 00:00:40 (266 turns).

acebull12 the Sneak (Octopode Brigand)               Turns: 266, Time: 00:00:40

Health: 0/19       AC:  1    Str: 10    XL:     2   Next: 37%
Magic:  2/2        EV: 12    Int: 13    God:
Gold:   22         SH:  0    Dex: 13    Spells: 1/1 levels left

rFire   . . .      SeeInvis .    a - +2 dagger
rCold   . . .      Faith    .    (no shield)
rNeg    . . .      Spirit   .    (helmet restricted)
rPois   .          Reflect  .    (no amulet)
rElec   .          Harm     .    (no ring)
rCorr   .          Rampage  .    (no ring)
Will    .....                    (no ring)
Stlth   ++++                     (no ring)
HPRegen 0.23/turn                (no ring)
MPRegen 0.08/turn                (no ring)
                                 (no ring)
                                 (no ring)

@: no status effects
A: almost no armour, amphibious, 8 rings, camouflage 1, gelatinous body 1,
(nimble swimmer 1), tentacles
a: no special abilities


You were on level 1 of the Dungeon.
You visited 1 branch of the dungeon, and saw 1 of its levels.

You collected 22 gold pieces.

Inventory:

Hand Weapons
 a - a +2 dagger (weapon)
Missiles
 b - 12 poisoned darts (quivered)
 c - 3 curare-tipped darts
 d - 4 atropa-tipped darts
Scrolls
 e - a scroll of vulnerability {unknown}
 f - a scroll of fear {unknown}
 g - a scroll of immolation {unknown}
 h - a scroll of identify {unknown}
 j - a scroll of magic mapping {unknown}
Potions
 i - a potion of degeneration {unknown}


   Skills:
 + Level 2.0 Fighting
 + Level 2.0 Short Blades
 + Level 2.0 Throwing
 + Level 1.0 Dodging
 + Level 6.2 Stealth


You had one spell level left.
You didn't know any spells.
Your spell library was empty.

Dungeon Overview and Level Annotations

Branches:
Dungeon (1/15)

Altars:


Innate Abilities, Weirdness & Mutations

You cannot wear most types of armour.
You are amphibious.
You can wear up to eight rings at the same time.
Your skin changes colour to match your surroundings (Stealth+).
Your rubbery body absorbs attacks. (AC +1, EV +1)
((You are camouflaged when in or above water. (Stealth+)))
You have tentacles for arms and can constrict up to eight enemies at once.


Message History

A hobgoblin comes into view.
The helpless bat fails to defend itself.
You impale the bat!!
You kill the bat!
You hit the hobgoblin. You grab the hobgoblin. You squeeze the hobgoblin.
You kill the hobgoblin!
No target in view!
No target in view!
A dart slug comes into view.
Found a hand axe.
The dart slug misses you.
You hit the dart slug. You grab the dart slug.
The dart slug is lightly wounded.
You constrict the dart slug. The dart slug bites you.
You hit the dart slug.
The dart slug is severely wounded.
You constrict the dart slug. You hit the dart slug.
You kill the dart slug!
You see here a dart slug corpse.
A kobold comes into view.
It is wielding a +2 short sword of speed.
The kobold shouts!
A kobold is nearby!
The kobold completely misses you.
You hit the kobold. Your grab misses the kobold.
The kobold is moderately wounded.
The kobold hits you with a +2 short sword of speed.
The kobold closely misses you.
You completely miss the kobold. Your grab misses the kobold.
The kobold hits you with a +2 short sword of speed.
You hit the kobold. Your grab misses the kobold.
Your squeeze misses the kobold.
The kobold is moderately wounded.
The kobold hits you with a +2 short sword of speed. x2
* * * LOW HITPOINT WARNING * * *
You are too injured to fight recklessly!
A ball python comes into view.
The kobold attacks as you move away!
The kobold hits you with a +2 short sword of speed.
You die...

####.####.# #.#.#
.......##.# #.#.#
#.........# #.#.#
#.##.#.#### #####.#.#
#.##.#.# #...†.#.# #.
#.#.######.....#.# ..
#.#............#.#
####.#.######.....#.#
.......# ...)...@K..#
###...># #####..#####
# #.#..# .....
....#.....####..
....###...# #..
###..> ...# #.. ##..
#..# #.. ### #. ..#
#S. .~##


You could see a ball python (asleep) and a kobold.

Vanquished Creatures
  A dart slug (D:1)
  A ball python (D:1)
  A giant cockroach (D:1)
  A goblin (D:1)
  A hobgoblin (D:1)
  2 kobolds (D:1)
  2 bats (D:1)
  A rat (D:1)
10 creatures vanquished.

Notes
Turn   | Place    | Note
-------+----------+-------------------------------------------
     0 | D:1      | acebull12 the Octopode Brigand began the quest for the Orb.
     0 | D:1      | Reached XP level 1. HP: 14/14 MP: 1/1
   131 | D:1      | Reached XP level 2. HP: 19/19 MP: 2/2
   150 | D:1      | Reached skill level 6 in Stealth
   266 | D:1      | Slain by a kobold

Illustrated notes

Levels and vault maps discovered:
D:1:      denvon_arrival_waterhouse, layout_loops_ring

Skill      XL: |  1  2 |
---------------+-------+-----
Stealth        | 6 |  6.2
Fighting       | |  2.0
Short Blades   | |  2.0
Throwing       | |  2.0
Dodging        | |  1.0

Action                   || total
-------------------------++-------
Melee: Dagger            ||    18
       Tentacles         ||     3
       Constrict         ||     3
       Punch             ||     1
 Stab: Sleeping          ||     6
Dodge: Dodged            ||     5

Table legend: (Time is in decaauts)
 A = Elapsed time spent in this place.
 B = Non-inter-level travel time spent in this place.
 C = Inter-level travel time spent in this place.
 D = Time resting spent in this place.
 E = Time spent auto-exploring this place.
 F = Levels seen in this place.
 G = Mean time per level.
                   A        B        C        D        E       F      G
               +--------+--------+--------+--------+--------+-----+--------+
         Total |    264 |    264 |      0 |      0 |    180 |   1 |  264.0 |
       Dungeon |    264 |    264 |      0 |      0 |    180 |   1 |  264.0 |
               +--------+--------+--------+--------+--------+-----+--------+

Top non-repeatable levels by time:
     D:1: 264 daAuts
